 Dungeon Crawl Stone Soup version 0.30-a0-777-ga9a30cbeda (webtiles) character file.

Game seed: 12781084305383316875

133 Flugslaktarn the Shield-Bearer (level 5, -6/36 HPs)
             Began as an Octopode Fighter on Feb 13, 2023.
             Mangled by an iguana (10 damage)
             ... on level 4 of the Dungeon.
             The game lasted 00:00:55 (2011 turns).

Flugslaktarn the Shield-Bearer (Octopode Fighter)   Turns: 2011, Time: 00:00:55

Health: -6/36      AC:  1    Str: 15    XL:     5   Next: 16%
Magic:  5/5        EV: 13    Int: 11    God:
Gold:   188        SH:  5    Dex: 13    Spells: 4/4 levels left

rFire   . . .      SeeInvis .    a - +0 war axe
rCold   . . .      Faith    .    b - +0 buckler
rNeg    . . .      Spirit   .    (helmet restricted)
rPois   .          Reflect  .    (no amulet)
rElec   .          Harm     .    (no ring)
rCorr   .          Rampage  .    (no ring)
Will    .....                    (no ring)
Stlth   ++                       (no ring)
HPRegen 0.26/turn                (no ring)
MPRegen 0.09/turn                (no ring)
                                 (no ring)
                                 (no ring)

@: no status effects
A: almost no armour, amphibious, 8 rings, camouflage 1, gelatinous body 1,
(nimble swimmer 1), tentacles
a: no special abilities


You were on level 4 of the Dungeon.
You visited 1 branch of the dungeon, and saw 4 of its levels.

You collected 188 gold pieces.

Inventory:

Hand Weapons
 a - a +0 war axe (weapon)
Armour
 b - a +0 buckler (worn)
Scrolls
 c - 2 scrolls of identify {unknown}
 e - 4 scrolls of enchant weapon {unknown}
 g - 2 scrolls of teleportation {unknown}
 j - 2 scrolls of magic mapping {unknown}
 p - a scroll of enchant armour {unknown}
Potions
 d - a potion of might
 f - 2 potions of flight {unknown}
 h - a potion of ambrosia {unknown}
 i - 2 potions of curing {unknown}
 k - a potion of attraction {unknown}
 l - a potion of haste {unknown}
 m - a potion of magic {unknown}
 n - a potion of mutation {unknown}
 o - a potion of degeneration {unknown}


   Skills:
 + Level 3.6 Fighting
 * Level 3.6 Axes
 + Level 3.6 Dodging
 + Level 3.7 Shields


You had 4 spell levels left.
You didn't know any spells.
Your spell library was empty.

Dungeon Overview and Level Annotations

Branches:
Dungeon (4/15)
 Temple: D:4-7

Altars:

Annotations:
D:4 2 transporters, ThereIsNoGod's ghost, amateur OpFi


Innate Abilities, Weirdness & Mutations

You cannot wear most types of armour.
You are amphibious.
You can wear up to eight rings at the same time.
Your skin changes colour to match your surroundings (Stealth+).
Your rubbery body absorbs attacks. (AC +1, EV +1)
((You are camouflaged when in or above water. (Stealth+)))
You have tentacles for arms and can constrict up to eight enemies at once.


Message History

A frilled lizard is nearby!
The helpless frilled lizard fails to defend itself.
You hit the frilled lizard.
You kill the frilled lizard!
No target in view!
No target in view!
No target in view!
No target in view!
There is an open door here.
A hobgoblin comes into view.
A hobgoblin is nearby!
A hobgoblin is nearby!
A giant cockroach comes into view.
The helpless hobgoblin fails to defend itself.
You hit the hobgoblin. You grab the hobgoblin. You squeeze the hobgoblin.
You kill the hobgoblin!
The giant cockroach closely misses you.
You closely miss the giant cockroach. Your grab misses the giant cockroach.
The giant cockroach bites you but does no damage.
You hit the giant cockroach. Your grab misses the giant cockroach.
The giant cockroach is almost dead.
The giant cockroach bites you but does no damage.
The giant cockroach closely misses you.
You slash the giant cockroach!
You kill the giant cockroach!
No target in view!
A worm comes into view.
A worm is nearby!
A worm is nearby!
You hit the worm. You grab the worm. You squeeze the worm!
The worm is severely wounded.
You constrict the worm. The worm bites you!
You slash the worm!
You kill the worm!
No target in view!
No target in view!
No target in view!
No target in view!
No target in view!
You see here a +0 dagger.
You open the door.
There is an open door here.
Found a stone staircase leading up.
Done exploring.
Done exploring.
No target in view!
No target in view!
No target in view!
No target in view!
(D) Dungeon
Where to? (Enter - D:3, ? - help)
You see here a +0 flail.
There is a stone staircase leading down here.
You climb downwards.
Found 2 viscous coppery potions.
There is a stone staircase leading up here.
Unknown command.
Found a transporter.
Found a stone staircase leading up.
No reachable target in view!
No reachable target in view!
No reachable target in view!
No reachable target in view!
No reachable target in view!
No reachable target in view!
p - a scroll labelled WUVOYZ KEACZY
Found a stone staircase leading down.
A ball python comes into view.
A ball python is nearby!
Found 15 gold pieces and a fizzy black potion.
The ball python hisses angrily.
You hit the ball python.
You kill the ball python!
No target in view!
No target in view!
No target in view!
No target in view!
No target in view!
Found a transporter.
You now have 188 gold pieces (gained 15).
An iguana comes into view.
An iguana is nearby!
An iguana is nearby!
An iguana is nearby!
Found a buckler.
The helpless iguana fails to defend itself.
You slash the iguana! You grab the iguana.
The iguana is severely wounded.
You constrict the iguana, but do no damage.
The iguana bites you!
You barely miss the iguana.
The iguana is severely wounded.
You constrict the iguana. The iguana bites you! x2
* * * LOW HITPOINT WARNING * * *
You are too injured to fight recklessly!
You are too injured to fight recklessly!
You hit the iguana but do no damage.
The iguana is severely wounded.
You constrict the iguana. The iguana bites you!
You die...

######### #.......#
#.......# #...l...#
."......# #....@..#
#.........# #[......#
#.........# #.......#
#.>.......#
#.......####.........#
#.........!..........#
########.............#
#.............#
#........†.....
#..............


You could see an iguana.

Vanquished Creatures
  Jessica (D:2)
  3 adders (D:2)
  3 worms
  3 dart slugs
  An orc (D:3)
  4 ball pythons
  6 bats
  5 endoplasms
  4 giant cockroaches
  2 goblins
  8 hobgoblins
  3 jackals (D:2)
  4 kobolds
  3 quokkas
  5 frilled lizards
  4 rats
59 creatures vanquished.

Notes
Turn   | Place    | Note
-------+----------+-------------------------------------------
     0 | D:1      | Flugslaktarn the Octopode Fighter began the quest for the
                  | Orb.
     0 | D:1      | Reached XP level 1. HP: 16/16 MP: 1/1
   116 | D:1      | Reached XP level 2. HP: 19/21 MP: 2/2
   363 | D:1      | You fall into a shaft and drop 1 floor!
   392 | D:2      | Reached XP level 3. HP: 10/26 MP: 3/3
   705 | D:2      | Noticed Jessica
   711 | D:2      | Killed Jessica
   712 | D:2      | Reached XP level 4. HP: 23/31 MP: 4/4
  1512 | D:3      | Reached XP level 5. HP: 36/36 MP: 5/5
  1969 | D:4      | Found a transporter.
  1993 | D:4      | Found a transporter.
  1996 | D:4      | Noticed ThereIsNoGod's ghost (amateur OpFi)
  2011 | D:4      | Mangled by an iguana

Illustrated notes

Levels and vault maps discovered:
D:1:      minmay_arrival_solitary_statue, layout_basic
D:2:      layout_basic, uniq_jessica
D:3:      layout_basic
D:4:      layout_basic, mainiacjoe_overflow_concentric_impassable,
          gammafunk_ghost_mausoleum, nicolae_shop_vocational, uniq_edmund

Skill      XL: |  1  2  3 |
---------------+----------+-----
Axes           | 3 |  3.6
Fighting       | |  3.6
Dodging        | |  3.6
Shields        | |  3.7

Action                     |  1- 3 |  4- 6 || total
---------------------------+-------+-------++-------
  Melee: War axe           |    46 |    58 ||   104
         Tentacles         |    10 |    13 ||    23
         Constrict         |    12 |    14 ||    26
         Punch             |       |     1 ||     1
   Stab: Sleeping          |     7 |     7 ||    14
 Armour: Skin              |     9 |     3 ||    12
  Dodge: Dodged            |    32 |    26 ||    58
  Block: Buckler           |    11 |     9 ||    20

Table legend: (Time is in decaauts)
 A = Elapsed time spent in this place.
 B = Non-inter-level travel time spent in this place.
 C = Inter-level travel time spent in this place.
 D = Time resting spent in this place.
 E = Time spent auto-exploring this place.
 F = Levels seen in this place.
 G = Mean time per level.
                   A        B        C        D        E       F      G
               +--------+--------+--------+--------+--------+-----+--------+
         Total |   2051 |   2011 |     40 |    124 |   1512 |   4 |  512.8 |
       Dungeon |   2051 |   2011 |     40 |    124 |   1512 |   4 |  512.8 |
               +--------+--------+--------+--------+--------+-----+--------+

Top non-repeatable levels by time:
     D:2: 869 daAuts
     D:3: 756 daAuts
     D:1: 374 daAuts
     D:4: 51 daAuts
